PAAA
ALASKAN HUMPBACKS @ CALGARY LYNX
08/08/2038
 
TOP OF THE 1ST
Alaskan Humpbacks batting - Pitching for Calgary Lynx : RHP Ángel Romero
Pitching: RHP Ángel Romero
Batting: LHB Pat Pending 0-0: Called Strike
0-1: Fly out, F3 (Line Drive, 3, EV 63.1 MPH)
Batting: RHB Jon Moon 0-0: Called Strike
0-1: Called Strike
0-2: Foul Ball, location: 2F
0-2: Ball
1-2: Ball
2-2: Strikes out looking
Batting: LHB Philip Visscher 0-0: Ball
1-0: Called Strike
1-1: Called Strike
1-2: SINGLE (Line Drive, 4D, EV 101.2 MPH)
Batting: LHB Roberts Hamhock 0-0: Called Strike
0-1: 2-RUN HOME RUN (Flyball, 9D, EV 96.2 MPH), Distance : 388 ft
Batting: LHB Augusto Reyes 0-0: Fly out, F9 (Flyball, 9S, EV 92.5 MPH)
Top of the 1st over - 2 runs, 2 hits, 0 errors, 0 left on base; Alaskan 2 - Calgary 0
BOTTOM OF THE 1ST
Calgary Lynx batting - Pitching for Alaskan Humpbacks : RHP Ricardo Martínez
Pitching: RHP Ricardo Martínez
Batting: RHB Hani Azwan 0-0: Ball
1-0: Ball
2-0: Ball
3-0: Called Strike
3-1: Swinging Strike
3-2: Base on Balls
Batting: LHB Sergio Cruz 0-0: Called Strike
0-1: Foul Ball, location: 2F
0-2: Ball
1-2: SINGLE (Groundball, 4, EV 103.1 MPH) (infield hit)
Hani Azwan to second
Batting: RHB Kao-tsu Koo 0-0: SINGLE (Groundball, 34D, EV 95.6 MPH)
Hani Azwan to third
Sergio Cruz to second
Batting: LHB Andrés Rodríguez 0-0: Called Strike
0-1: Fly out, F6 (Flyball, 56D, EV 92.5 MPH)
Batting: LHB Derek Corbin 0-0: Called Strike
0-1: Foul Ball, location: 2F
0-2: Ball
1-2: Ball
2-2: Ground out 4-3 (Groundball, 34D, EV 109.4 MPH)
Hani Azwan scores
Sergio Cruz to third
Kao-tsu Koo to second
Batting: RHB Ralph Sands 0-0: Ball
1-0: SINGLE (Groundball, 56S, EV 88.1 MPH) (infield hit)
Sergio Cruz scores
Kao-tsu Koo to third
Batting: RHB Manny Moons 0-0: Swinging Strike
0-1: Swinging Strike
0-2: Strikes out looking
Bottom of the 1st over - 2 runs, 3 hits, 0 errors, 2 left on base; Alaskan 2 - Calgary 2
TOP OF THE 2ND
Alaskan Humpbacks batting - Pitching for Calgary Lynx : RHP Ángel Romero
Batting: LHB Shohei Otani 0-0: Ball
1-0: Called Strike
1-1: Swinging Strike
1-2: Foul Ball, location: 2F
1-2: Ball
2-2: Fly out, F4 (Popup, 13, EV 88.1 MPH)
Batting: RHB José Torres 0-0: Called Strike
0-1: Ball
1-1: Foul Ball, location: 2F
1-2: Foul Ball, location: 2F
1-2: Ground out U3 (Groundball, 3, EV 78.8 MPH)
Batting: RHB Chris Walters 0-0: Swinging Strike
0-1: Called Strike
0-2: Strikes out looking
Top of the 2nd over - 0 runs, 0 hits, 0 errors, 0 left on base; Alaskan 2 - Calgary 2
BOTTOM OF THE 2ND
Calgary Lynx batting - Pitching for Alaskan Humpbacks : RHP Ricardo Martínez
Batting: RHB Isagani Gorre 0-0: Called Strike
0-1: Ground out 5-3 (Groundball, 56S, EV 68.8 MPH)
Batting: RHB Bertrand Pick 0-0: Ball
1-0: Ball
2-0: Called Strike
2-1: Ball
3-1: Fly out, F6 (Popup, 6, EV 60.6 MPH)
Batting: RHB Hani Azwan 0-0: Ball
1-0: Ground out 6-3 (Groundball, 6, EV 85.6 MPH)
Bottom of the 2nd over - 0 runs, 0 hits, 0 errors, 0 left on base; Alaskan 2 - Calgary 2
TOP OF THE 3RD
Alaskan Humpbacks batting - Pitching for Calgary Lynx : RHP Ángel Romero
Batting: RHB Vito Middendorf 0-0: Called Strike
0-1: Ball
1-1: Swinging Strike
1-2: Strikes out looking
Batting: LHB Pat Pending 0-0: Called Strike
0-1: Ball
1-1: Ball
2-1: Swinging Strike
2-2: Ball
3-2: Base on Balls
Batting: RHB Jon Moon 0-0: Ball
1-0: Called Strike
1-1: Fielders Choice at 2nd, 5-4 (Groundball, 56S, EV 85.6 MPH)
Batting: LHB Philip Visscher 0-0: Ball
1-0: Called Strike
1-1: Foul Ball, location: 2F
1-2: Fly out, F7 (Flyball, 78D, EV 101.9 MPH)
Top of the 3rd over - 0 runs, 0 hits, 0 errors, 1 left on base; Alaskan 2 - Calgary 2
BOTTOM OF THE 3RD
Calgary Lynx batting - Pitching for Alaskan Humpbacks : RHP Ricardo Martínez
Batting: LHB Sergio Cruz 0-0: Called Strike
0-1: Ground out U3 (Groundball, 3L, EV 82.5 MPH)
Batting: RHB Kao-tsu Koo 0-0: Ball
1-0: Called Strike
1-1: Called Strike
1-2: Foul Ball, location: 2F
1-2: Fly out, F9 (Flyball, 9S, EV 91.2 MPH)
Batting: LHB Andrés Rodríguez 0-0: Ball
1-0: Called Strike
1-1: Called Strike
1-2: Ball
2-2: Strikes out swinging
Bottom of the 3rd over - 0 runs, 0 hits, 0 errors, 0 left on base; Alaskan 2 - Calgary 2
TOP OF THE 4TH
Alaskan Humpbacks batting - Pitching for Calgary Lynx : RHP Ángel Romero
Batting: LHB Roberts Hamhock 0-0: Foul Ball, location: 2F
0-1: Called Strike
0-2: Foul Ball, location: 2F
0-2: Ball
1-2: Ball
2-2: Ball
3-2: Foul Ball, location: 2F
3-2: Ground out U3 (Groundball, 3, EV 79.4 MPH)
Batting: LHB Augusto Reyes 0-0: Ball
1-0: Foul Ball, location: 2F
1-1: Ground out 5-3 (Groundball, 56S, EV 76.2 MPH)
Batting: LHB Shohei Otani 0-0: Ball
1-0: Foul Ball, location: 2F
1-1: Foul Ball, location: 2F
1-2: DOUBLE (Flyball, 8RXD, EV 101.2 MPH)
Batting: RHB José Torres 0-0: Called Strike
0-1: Ball
1-1: Foul Ball, location: 2F
1-2: Ground out 4-3 (Groundball, 4, EV 85.6 MPH)
Top of the 4th over - 0 runs, 1 hit, 0 errors, 1 left on base; Alaskan 2 - Calgary 2
BOTTOM OF THE 4TH
Calgary Lynx batting - Pitching for Alaskan Humpbacks : RHP Ricardo Martínez
Batting: LHB Derek Corbin 0-0: Called Strike
0-1: SINGLE (Groundball, 34D, EV 101.2 MPH)
Batting: RHB Ralph Sands 0-0: Swinging Strike
0-1: Foul Ball, location: 2F
0-2: Ball
1-2: Foul Ball, location: 2F
1-2: Ball
2-2: Fly out, F7 (Line Drive, 7, EV 91.9 MPH)
Batting: RHB Manny Moons 0-0: Called Strike
0-1: Fly out, F9 (Flyball, 89S, EV 96.2 MPH)
Batting: RHB Isagani Gorre 0-0: Swinging Strike
0-1: Swinging Strike
0-2: SINGLE (Groundball, 4D, EV 94.4 MPH)
Derek Corbin to second
Runner from 2nd tries for 3rd, SAFE, throw by RF made to third
Batting: RHB Bertrand Pick 0-0: Ball
1-0: Called Strike
Isagani Gorre steals 2nd base
1-1: Foul Ball, location: 2F
1-2: Fly out, F7 (Flyball, 7, EV 81.2 MPH)
Bottom of the 4th over - 0 runs, 2 hits, 0 errors, 2 left on base; Alaskan 2 - Calgary 2
TOP OF THE 5TH
Alaskan Humpbacks batting - Pitching for Calgary Lynx : RHP Ángel Romero
Batting: RHB Chris Walters 0-0: Called Strike
0-1: Called Strike
0-2: Strikes out looking
Batting: RHB Vito Middendorf 0-0: Ball
1-0: Fly out, F6 (Line Drive, 6, EV 64.4 MPH)
Batting: LHB Pat Pending 0-0: Ground out 6-3 (Groundball, 4MS, EV 67.5 MPH)
Top of the 5th over - 0 runs, 0 hits, 0 errors, 0 left on base; Alaskan 2 - Calgary 2
BOTTOM OF THE 5TH
Calgary Lynx batting - Pitching for Alaskan Humpbacks : RHP Ricardo Martínez
Batting: RHB Hani Azwan 0-0: Ball
1-0: Called Strike
1-1: Fly out, F8 (Line Drive, 8RD, EV 90.0 MPH)
Batting: LHB Sergio Cruz 0-0: Ball
1-0: Fly out, F9 (Line Drive, 9, EV 90.6 MPH)
Batting: RHB Kao-tsu Koo 0-0: Called Strike
0-1: Ball
1-1: Called Strike
1-2: Ground out 4-3 (Groundball, 4, EV 85.0 MPH)
Bottom of the 5th over - 0 runs, 0 hits, 0 errors, 0 left on base; Alaskan 2 - Calgary 2
TOP OF THE 6TH
Alaskan Humpbacks batting - Pitching for Calgary Lynx : RHP Ángel Romero
Batting: RHB Jon Moon 0-0: Ball
1-0: Called Strike
1-1: Called Strike
1-2: Ball
2-2: SOLO HOME RUN (Flyball, 7D, EV 94.4 MPH), Distance : 375 ft
Batting: LHB Philip Visscher 0-0: Ball
1-0: Ball
2-0: Ball
3-0: Called Strike
3-1: Called Strike
3-2: Strikes out swinging
Pitching: RHP Ainanani Oliwa
Batting: LHB Roberts Hamhock 0-0: Foul Ball, location: 2F
0-1: Fly out, F9 (Flyball, 9, EV 86.9 MPH)
Batting: LHB Augusto Reyes 0-0: Ball
1-0: Ball
2-0: Called Strike
2-1: Fly out, F9 (Flyball, 9LMF, EV 94.4 MPH)
Top of the 6th over - 1 run, 1 hit, 0 errors, 0 left on base; Alaskan 3 - Calgary 2
BOTTOM OF THE 6TH
Calgary Lynx batting - Pitching for Alaskan Humpbacks : RHP Ricardo Martínez
Batting: LHB Andrés Rodríguez 0-0: Ball
1-0: Called Strike
1-1: Ground out 4-3 (Groundball, 34, EV 108.1 MPH)
Batting: LHB Derek Corbin 0-0: Ball
1-0: Ball
2-0: Swinging Strike
2-1: Swinging Strike
2-2: Foul Ball, location: 2F
2-2: SINGLE (Line Drive, 6, EV 96.9 MPH)
Batting: RHB Ralph Sands 0-0: Fly out, F9 (Line Drive, 9D, EV 96.2 MPH)
Pitching: RHP Juan Espinosa
Batting: RHB Manny Moons 0-0: Foul Ball, location: 2F
0-1: Ball
1-1: Called Strike
1-2: Ball
2-2: Foul Ball, location: 2F
2-2: Strikes out looking
Bottom of the 6th over - 0 runs, 1 hit, 0 errors, 1 left on base; Alaskan 3 - Calgary 2
TOP OF THE 7TH
Alaskan Humpbacks batting - Pitching for Calgary Lynx : RHP Ainanani Oliwa
Batting: LHB Shohei Otani 0-0: Ball
1-0: Fly out, F8 (Flyball, 8LS, EV 95.0 MPH)
Batting: RHB José Torres 0-0: Ball
1-0: Ball
2-0: Ball
3-0: Base on Balls
Batting: RHB Chris Walters 0-0: Called Strike
0-1: Ball
1-1: Swinging Strike
1-2: Foul Ball, location: 2F
1-2: Strikes out looking
Batting: RHB Vito Middendorf 0-0: Swinging Strike
0-1: Foul Ball, location: 2F
0-2: Hit by Pitch
José Torres to second
Pinch Runner at 2nd Thomas Feliciano:
Batting: LHB Pat Pending 0-0: Foul Ball, location: 2F
0-1: Called Strike
0-2: Foul Ball, location: 2F
0-2: Ball
1-2: SINGLE (Line Drive, 34D, EV 96.2 MPH)
Thomas Feliciano to third
Vito Middendorf to second
Runner from 3rd tries for Home, SAFE, throw by RF to home
Batting: RHB Jon Moon 0-0: Fielders Choice at 2nd, 5-4 (Groundball, 56, EV 85.6 MPH)
Top of the 7th over - 1 run, 1 hit, 0 errors, 2 left on base; Alaskan 4 - Calgary 2
BOTTOM OF THE 7TH
Calgary Lynx batting - Pitching for Alaskan Humpbacks : RHP Juan Espinosa
Now at SS: Kyuso Kouno
Batting: RHB Isagani Gorre 0-0: Ball
1-0: Ball
2-0: Foul Ball, location: 2F
2-1: Called Strike
2-2: SINGLE (Groundball, 6MD, EV 103.1 MPH)
Batting: RHB Bertrand Pick 0-0: Ball
Pickoff Throw to First - Error! E1
Isagani Gorre to second
1-0: Ball
2-0: Foul Ball, location: 2F
2-1: Foul Ball, location: 2F
2-2: SINGLE (Line Drive, 5D, EV 102.5 MPH)
Isagani Gorre to third
Batting: RHB Hani Azwan 0-0: Foul Ball, location: 2F
0-1: Swinging Strike
0-2: Ball
1-2: Strikes out swinging
Batting: LHB Sergio Cruz 0-0: Swinging Strike
0-1: Foul Ball, location: 2F
0-2: Fly out, F8 (Flyball, 89M, EV 83.1 MPH)
Runner from 3rd tags up, SCORES, no throw by CF
Batting: RHB Kao-tsu Koo 0-0: Ball
1-0: Fielders Choice at 2nd, 6-4 (Groundball, 56, EV 107.5 MPH)
Bottom of the 7th over - 1 run, 2 hits, 1 error, 1 left on base; Alaskan 4 - Calgary 3
TOP OF THE 8TH
Alaskan Humpbacks batting - Pitching for Calgary Lynx : RHP Ainanani Oliwa
Batting: LHB Philip Visscher 0-0: Foul Ball, location: 2F
0-1: Foul Ball, location: 2F
0-2: Fly out, F7 (Flyball, 78S, EV 83.1 MPH)
Batting: LHB Roberts Hamhock 0-0: Foul Ball, location: 2F
0-1: Ball
1-1: Foul Ball, location: 2F
1-2: SOLO HOME RUN (Flyball, 9D, EV 100.6 MPH), Distance : 339 ft
Batting: LHB Augusto Reyes 0-0: Ball
1-0: Ball
2-0: Swinging Strike
2-1: Ball
3-1: Base on Balls
Pitching: RHP Ricardo Covarrubias
Batting: LHB Shohei Otani 0-0: Foul Ball, location: 2F
0-1: Swinging Strike
0-2: Strikes out swinging
Batting: RHB Kyuso Kouno 0-0: Called Strike
0-1: Ground out U3 (Groundball, 34, EV 79.4 MPH)
Top of the 8th over - 1 run, 1 hit, 0 errors, 1 left on base; Alaskan 5 - Calgary 3
BOTTOM OF THE 8TH
Calgary Lynx batting - Pitching for Alaskan Humpbacks : RHP Juan Espinosa
Batting: LHB Andrés Rodríguez 0-0: Called Strike
0-1: Ball
1-1: Ball
2-1: Ground out 4-3 (Groundball, 4M, EV 86.9 MPH)
Batting: LHB Derek Corbin 0-0: Ball
1-0: Ball
2-0: Ball
3-0: Called Strike
3-1: Base on Balls
Batting: RHB Ralph Sands 0-0: Foul Ball, location: 2F
0-1: Ball
1-1: Ball
2-1: SINGLE (Groundball, 6D, EV 98.8 MPH)
Derek Corbin to second
Pitching: RHP Kingston Liniak
Batting: RHB Manny Moons 0-0: Ball
1-0: Called Strike
1-1: Swinging Strike
1-2: Strikes out swinging
Batting: RHB Isagani Gorre 0-0: Ball
1-0: Called Strike
1-1: Swinging Strike
1-2: Strikes out swinging
Bottom of the 8th over - 0 runs, 1 hit, 0 errors, 2 left on base; Alaskan 5 - Calgary 3
TOP OF THE 9TH
Alaskan Humpbacks batting - Pitching for Calgary Lynx : RHP Ricardo Covarrubias
Batting: RHB Chris Walters 0-0: Ball
1-0: Fly out, F7 (Flyball, 7S, EV 90.6 MPH)
Batting: RHB Vito Middendorf 0-0: Fly out, F8 (Flyball, 8LXD, EV 105.6 MPH)
Batting: LHB Pat Pending 0-0: Ball
1-0: Ball
2-0: Ball
3-0: Called Strike
3-1: Fly out, F7 (Flyball, 7D, EV 100.0 MPH)
Top of the 9th over - 0 runs, 0 hits, 0 errors, 0 left on base; Alaskan 5 - Calgary 3
BOTTOM OF THE 9TH
Calgary Lynx batting - Pitching for Alaskan Humpbacks : RHP Kingston Liniak
Batting: RHB Bertrand Pick 0-0: Ball
1-0: Ball
2-0: Called Strike
2-1: SINGLE (Groundball, 6MD, EV 103.8 MPH)
Batting: RHB Hani Azwan 0-0: Reached on error, E4 (Groundball, 4S, EV 60.0 MPH)
Bertrand Pick to second
Batting: LHB Sergio Cruz 0-0: Bunt - Flyout to 2R! F2
Batting: RHB Kao-tsu Koo 0-0: Foul Ball, location: 2F
0-1: Ball
1-1: Foul Ball, location: 2F
1-2: Foul Ball, location: 2F
1-2: Ball
Wild Pitch!
Bertrand Pick to third
Hani Azwan to second
2-2: Ball
3-2: SINGLE (Line Drive, 89S, EV 96.9 MPH)
Bertrand Pick scores
Hani Azwan to third
Runner from 3rd tries for Home, SAFE, no throw by CF
Batting: LHB Andrés Rodríguez 0-0: Ball
1-0: Fly out, F8 (Flyball, 78M, EV 97.5 MPH)
Batting: LHB Derek Corbin 0-0: Called Strike
0-1: Foul Ball, location: 2F
0-2: Ball
1-2: SINGLE (Flyball, 5D, EV 86.9 MPH)
Kao-tsu Koo to second
Batting: RHB Ralph Sands 0-0: Ball
1-0: Ball
2-0: Ball
3-0: Called Strike
3-1: Base on Balls
Kao-tsu Koo to third
Derek Corbin to second
Pinch Hitting: LHB Mauro López 0-0: Ground out U3 (Groundball, 3L, EV 84.4 MPH)
Bottom of the 9th over - 2 runs, 3 hits, 1 error, 3 left on base; Alaskan 5 - Calgary 5
TOP OF THE 10TH
Alaskan Humpbacks batting - Pitching for Calgary Lynx : RHP Ricardo Covarrubias
Now in LF: Mauro López
Batting: RHB Jon Moon 0-0: Ball
1-0: Fly out, F9 (Flyball, 89D, EV 104.4 MPH)
Batting: LHB Philip Visscher 0-0: Called Strike
0-1: Called Strike
0-2: Strikes out swinging
Batting: LHB Roberts Hamhock 0-0: Foul Ball, location: 2F
0-1: Ball
1-1: Ball
2-1: Foul Ball, location: 2F
2-2: Foul Ball, location: 2F
2-2: Foul Ball, location: 2F
2-2: Ball
3-2: Base on Balls
Pitching: RHP Edgardo Nava
Batting: LHB Augusto Reyes 0-0: Ball
1-0: Foul Ball, location: 2F
1-1: Called Strike
1-2: Ball
2-2: Ball
3-2: Ground out 4-3 (Groundball, 4, EV 101.9 MPH)
Top of the 10th over - 0 runs, 0 hits, 0 errors, 1 left on base; Alaskan 5 - Calgary 5
BOTTOM OF THE 10TH
Calgary Lynx batting - Pitching for Alaskan Humpbacks : RHP Kingston Liniak
Batting: RHB Isagani Gorre 0-0: Called Strike
0-1: Ball
1-1: Swinging Strike
1-2: Strikes out looking
Batting: RHB Bertrand Pick 0-0: Foul Ball, location: 2F
0-1: Called Strike
0-2: Ball
1-2: Strikes out swinging
Batting: RHB Hani Azwan 0-0: Called Strike
0-1: Ground out 4-3 (Groundball, 4, EV 84.4 MPH)
Bottom of the 10th over - 0 runs, 0 hits, 0 errors, 0 left on base; Alaskan 5 - Calgary 5
TOP OF THE 11TH
Alaskan Humpbacks batting - Pitching for Calgary Lynx : RHP Edgardo Nava
Batting: LHB Shohei Otani 0-0: Foul Ball, location: 2F
0-1: Ball
1-1: Foul Ball, location: 2F
1-2: SOLO HOME RUN (Flyball, 89XD, EV 93.8 MPH), Distance : 435 ft
Batting: RHB Kyuso Kouno 0-0: Called Strike
0-1: Ball
1-1: Ball
2-1: Called Strike
2-2: Foul Ball, location: 2F
2-2: DOUBLE (Flyball, 89XD, EV 105.0 MPH)
Batting: RHB Chris Walters 0-0: Intentional Walk
Pinch Runner at 2nd Wally Briggs:
Batting: RHB Vito Middendorf 0-0: Foul Ball, location: 2F
0-1: Called Strike
0-2: Strikes out swinging
Batting: LHB Pat Pending 0-0: Ball
1-0: Called Strike
1-1: Ball
2-1: Swinging Strike
2-2: Fielders Choice at 2nd, 1-6 (Groundball, 34S, EV 90.0 MPH)
Wally Briggs to third
Batting: RHB Jon Moon 0-0: Fly out, F7 (Line Drive, 7, EV 84.4 MPH)
Top of the 11th over - 1 run, 2 hits, 0 errors, 2 left on base; Alaskan 6 - Calgary 5
BOTTOM OF THE 11TH
Calgary Lynx batting - Pitching for Alaskan Humpbacks : RHP Kingston Liniak
Now at SS: Erik Sterk
Batting: LHB Sergio Cruz 0-0: Foul Ball, location: 2F
0-1: Ball
1-1: Swinging Strike
1-2: Strikes out looking
Batting: RHB Kao-tsu Koo 0-0: Called Strike
0-1: Called Strike
0-2: Fly out, F5 (Popup, 56S, EV 69.4 MPH)
Batting: LHB Andrés Rodríguez 0-0: Ball
1-0: Foul Ball, location: 2F
1-1: SINGLE (Line Drive, 9LM, EV 101.2 MPH)
Pitching: LHP Ramon Wuilink
Batting: LHB Derek Corbin 0-0: Called Strike
0-1: Foul Ball, location: 2F
0-2: Ball
1-2: SINGLE (Groundball, 34D, EV 96.9 MPH)
Andrés Rodríguez to second
Runner from 2nd tries for 3rd, SAFE, no throw by RF
Batting: RHB Ralph Sands 0-0: Ball
1-0: Ball
2-0: Ball
3-0: Called Strike
3-1: Base on Balls
Derek Corbin to second
Pinch Hitting: RHB Ricardo Téllez 0-0: SINGLE (Line Drive, 8RS, EV 92.5 MPH)
Andrés Rodríguez scores
Derek Corbin to third
Ralph Sands to second
Runner from 3rd tries for Home, throw by CF and OUT! 8-2
Bottom of the 11th over - 1 run, 3 hits, 0 errors, 2 left on base; Alaskan 6 - Calgary 6
TOP OF THE 12TH
Alaskan Humpbacks batting - Pitching for Calgary Lynx : RHP Edgardo Nava
Now in LF: Michael Ward
Batting: LHB Philip Visscher 0-0: Ball
1-0: Called Strike
1-1: Foul Ball, location: 2F
1-2: Ball
2-2: Foul Ball, location: 2F
2-2: Ball
3-2: Foul Ball, location: 2F
3-2: Foul Ball, location: 2F
3-2: Base on Balls
Batting: LHB Roberts Hamhock 0-0: Ball
1-0: Ball
2-0: Ball
3-0: Base on Balls
Philip Visscher to second
Batting: LHB Augusto Reyes 0-0: Ball
1-0: SINGLE (Line Drive, 9LS, EV 95.6 MPH)
Philip Visscher to third
Roberts Hamhock to second
Pitching: RHP Wai-ho Fan
Batting: LHB Shohei Otani 0-0: Called Strike
0-1: Ball
1-1: Ball
2-1: GRAND SLAM HOME RUN (Flyball, 9D, EV 103.8 MPH), Distance : 343 ft
Batting: RHB Erik Sterk 0-0: Ball
1-0: Foul Ball, location: 2F
1-1: Foul Ball, location: 2F
1-2: DOUBLE (Line Drive, 9LM, EV 111.9 MPH)
Batting: RHB Chris Walters 0-0: Intentional Walk
Batting: RHB Vito Middendorf 0-0: Ball
1-0: Fly out, F9 (Flyball, 9D, EV 87.5 MPH)
Runner from 2nd tags up, SAFE at 3rd, no throw by RF
Batting: LHB Pat Pending 0-0: Fly out, F9 (Line Drive, 9D, EV 82.5 MPH)
Runner from 3rd tags up, SCORES, no throw by RF
Batting: RHB Jon Moon 0-0: Called Strike
0-1: Foul Ball, location: 2F
0-2: Ball
1-2: Ball
2-2: DOUBLE (Line Drive, 7LS, EV 102.5 MPH)
Chris Walters to third
Batting: LHB Philip Visscher 0-0: Ball
1-0: Ball
2-0: Fly out, F8 (Flyball, 8RD, EV 77.5 MPH)
Top of the 12th over - 5 runs, 4 hits, 0 errors, 2 left on base; Alaskan 11 - Calgary 6
BOTTOM OF THE 12TH
Calgary Lynx batting - Pitching for Alaskan Humpbacks : LHP Ramon Wuilink
Batting: RHB Isagani Gorre 0-0: Called Strike
0-1: Called Strike
0-2: Strikes out swinging
Batting: RHB Bertrand Pick 0-0: Ball
1-0: Ground out U3 (Groundball, 34, EV 102.5 MPH)
Batting: RHB Hani Azwan 0-0: Called Strike
0-1: Ball
1-1: Ball
2-1: Ball
3-1: Base on Balls
Batting: LHB Sergio Cruz 0-0: Called Strike
0-1: Foul Ball, location: 2F
0-2: Foul Ball, location: 2F
0-2: Strikes out swinging
Bottom of the 12th over - 0 runs, 0 hits, 0 errors, 1 left on base; Alaskan 11 - Calgary 6
Friday, April 17th, 2020 - OOTP Baseball 20.8 Build 74